 Dungeon Crawl Stone Soup version 0.23.1 (webtiles) character file.

Game seed: 9675067906334984236

67 Acheron the Shield-Bearer (level 4, -4/35 HPs)
             Began as a Human Fighter on Mar 18, 2019.
             Was an Initiate of Okawaru.
             Slain by a gnoll
             ... wielding a +0 flail
              (10 damage)
             ... on level 4 of the Dungeon.
             The game lasted 00:05:09 (1795 turns).

Acheron the Shield-Bearer (Human Fighter)           Turns: 1795, Time: 00:05:10

Health: -4/35      AC:  6    Str: 16    XL:     4   Next: 40%
Magic:  4/4        EV:  7    Int:  9    God:    Okawaru [......]
Gold:   81         SH:  9    Dex: 13    Spells: 3/3 levels left

rFire    . . .     SeeInvis .   a - +0 war axe
rCold    . . .     Gourm    .   c - +0 shield
rNeg     . . .     Faith    .   b - +0 scale mail
rPois    .         Spirit   .   (no helmet)
rElec    .         Reflect  .   (no cloak)
rCorr    .         Harm     .   (no gloves)
MR       .....                  (no boots)
Stlth    ..........             g - amulet of the acrobat
HPRegen  0.11/turn              (no ring)
MPRegen  0.09/turn              (no ring)

@: no status effects
A: no striking features
a: Renounce Religion


You were on level 4 of the Dungeon.
You worshipped Okawaru.
Okawaru was noncommittal.
You were not hungry.

You visited 1 branch of the dungeon, and saw 4 of its levels.

You collected 81 gold pieces.

Inventory:

Hand Weapons
 a - a +0 war axe (weapon)
Missiles
 p - 38 sling bullets
Armour
 b - a +0 scale mail (worn)
 c - a +0 shield (worn)
 o - a cursed +0 leather armour
Jewellery
 g - an amulet of the acrobat (around neck)
Scrolls
 h - a scroll of teleportation
 i - 2 scrolls of identify
 n - a scroll of remove curse
Potions
 d - 2 potions of might
 k - a potion of heal wounds {unknown}
 l - a potion of curing {unknown}
 m - a potion of agility {unknown}
Comestibles
 f - 4 rations


   Skills:
 * Level 3.2 Fighting
 + Level 2.8 Axes
 + Level 3.2 Armour
 * Level 1.1 Dodging
 * Level 1.2 Stealth
 + Level 3.2 Shields
 * Level 0.4 Invocations


You had 3 spell levels left.
You didn't know any spells.
Your spell library was empty.

Dungeon Overview and Level Annotations

Branches:
Dungeon (4/15)
 Temple: D:4-7

Altars:
Elyvilon
Okawaru
Uskayaw

Annotations:
D:2 Terence


Message History

A gnoll comes into view. It is wielding a +0 flail.
The gnoll shouts!
The gnoll completely misses you.
You closely miss the gnoll. You block the gnoll's attack.
You barely miss the gnoll. You hit the gnoll.
The gnoll hits you but does no damage. The gnoll hits you with a +0 flail.
The gnoll hits you with a +0 spear.
You hit the gnoll but do no damage. x2; The gnoll hits you with a +0 flail!
You block the gnoll's attack.
You hit the gnoll.
The gnoll is moderately wounded.
You hit the gnoll. The gnoll barely misses you. The gnoll closely misses you.
The gnoll hits you with a +0 flail!
* * * LOW HITPOINT WARNING * * *
The gnoll barely misses you.
You closely miss the gnoll.
The gnoll is moderately wounded.
Your shield prevents you from hitting the gnoll.
You block the gnoll's attack. The gnoll hits you with a +0 flail!
You die...

##.##....
........# #<#
#.## #....#.####
#
#.#.###...####..#
# ...
#........... ...#
#.###gg#####
#....#####@.# #..
#.....)..# .#
#######..# ...#
#.... #..### #..#
#..# ..#


You could see 2 gnolls.

Vanquished Creatures
  A gnoll (D:4)
  2 adders
  2 worms
  3 dart slugs (D:1)
  5 bats
  A giant cockroach (D:1)
  4 goblins
  3 hobgoblins
  4 jackals (D:1)
  2 frilled lizards
  A kobold (D:1)
  4 rats (D:1)
32 creatures vanquished.

Notes
Turn   | Place    | Note
-------+----------+-------------------------------------------
     0 | D:1      | Acheron the Human Fighter began the quest for the Orb.
     0 | D:1      | Reached XP level 1. HP: 18/18 MP: 1/1
   157 | D:1      | Reached XP level 2. HP: 24/24 MP: 2/2
   597 | D:1      | Reached XP level 3. HP: 27/29 MP: 3/3
   849 | D:2      | Found an iron altar of Okawaru.
   857 | D:2      | Became a worshipper of Warmaster Okawaru
   956 | D:2      | Noticed Terence
  1476 | D:2      | Reached skill level 1 in Dodging
  1492 | D:2      | Reached skill level 1 in Stealth
  1565 | D:3      | Reached XP level 4. HP: 32/35 MP: 4/4
  1568 | D:3      | Found a white marble altar of Elyvilon.
  1568 | D:3      | Found a hide-covered altar of Uskayaw.
  1795 | D:4      | Slain by a gnoll

Skill      XL: |  1  2  3 |
---------------+----------+-----
Dodging        | 1 |  1.1
Stealth        | 1 |  1.2
Fighting       | |  3.2
Axes           | |  2.8
Armour         | |  3.2
Shields        | |  3.2
Invocations    | |  0.4

Action                   |  1- 3 |  4- 6 || total
-------------------------+-------+-------++-------
Melee: War axe           |    99 |    14 ||   113
  Use: Scroll            |       |     6 ||     6
  Eat: Chunk             |     2 |     1 ||     3
Armor: Scale mail        |    55 |     7 ||    62
Dodge: Dodged            |    40 |    10 ||    50
Block: Shield            |    57 |    10 ||    67
